AoeStats
← 17525

Arabia

508591697Analyzed
1v1 RM · 10d ago on Sep 23, 2026· 60m 27s· 2 players
Game mode
Random Map
Map size
Tiny (2 player)
Population
200
Speed
Normal
Resources
Standard
Victory
Conquest
Starting age
Dark Age
Ending age
Imperial Age
RankedLock teamsTeams togetherTeam positionsShared explorationLock speedFull tech treeHidden civsTurbo modeCheats
Victory
Defeat
🇨🇳 Chinese · China
447
+10
🇹🇼 Huns · Taiwan
317
-10
Wolf
0:43 Loom
11:01 Feudal Age
29:52 Bloodlines
31:34 Scale Barding Armor
33:12 Horse Collar
36:52 Castle Age
35:25 Double-Bit Axe
36:08 Gold Mining
36:09 Stone Mining
38:31 Wheelbarrow
39:12 Bow Saw
39:40 Stone Shaft Mining
39:41 Gold Shaft Mining
39:10 Heavy Plow
39:29 Fervor
39:50 Fletching
40:01 Padded Archer Armor
41:06 Hand Cart
41:39 Squires
44:17 Husbandry
43:38 Light Cavalry
44:37 Herbal Medicine
46:15 Ballistics
49:10 Imperial Age
46:33 Town Watch
47:15 Fortified Wall
47:16 Masonry
47:01 Murder Holes
46:59 Heated Shot
47:20 Bodkin Arrow
47:40 Leather Archer Armor
47:46 Chain Barding Armor
51:00 Chemistry
50:26 Conscription
51:02 Bracer
51:33 Ring Archer Armor
52:55 Architecture
53:21 Elite Chu Ko Nu
54:48 Thumb Ring
55:24 Plate Barding Armor
56:12 Two-Man Saw
57:08 Rocketry
57:34 Sanctity
57:15 Devotion
57:41 Illumination
57:31 Block Printing
57:17 Atonement
57:53 Theocracy
58:46 Great Wall
17525
12:52 Feudal Age
11:08 Loom
16:05 Double-Bit Axe
16:16 Gold Mining
24:38 Castle Age
23:15 Horse Collar
25:25 Fletching
25:48 Bloodlines
27:21 Thumb Ring
27:24 Padded Archer Armor
31:35 Light Cavalry
34:18 Wheelbarrow
34:29 Gold Shaft Mining
36:39 Bow Saw
38:03 Hand Cart
37:53 Heavy Plow
37:50 Stone Mining
41:13 Imperial Age
40:22 Leather Archer Armor
40:13 Squires
39:48 Pikeman
42:44 Heavy Cavalry Archer
44:35 Parthian Tactics
52:56 Bodkin Arrow
54:10 Bracer
56:37 Halberdier
58:11 Forging
Connection lost

Rejoining the realm…

Still unreachable

The connection could not be restored.

Session expired

The server has moved on; the page needs a fresh start.